 Dungeon Crawl Stone Soup version 0.28.0-53-g5a82cb258f (webtiles) character file.

Game seed: 12453533971285159389

7392 mcbry74 the Cleaver (level 11, 0/82 HPs)
             Began as a Hill Orc Fighter on June 25, 2022.
             Was an Initiate of Qazlal.
             Killed by divine providence
             ... invoked by an orc priest
              (15 damage)
             ... on level 9 of the Dungeon.
             The game lasted 00:40:22 (13982 turns).

mcbry74 the Cleaver (Hill Orc Fighter)             Turns: 13982, Time: 00:40:23

Health: 0/82       AC: 14    Str: 24    XL:     11   Next: 14%
Magic:  11/11      EV:  4    Int:  8    God:    Qazlal [......]
Gold:   57         SH: 15    Dex: 10    Spells: 10/10 levels left

rFire   . . .      SeeInvis .   F - +1 hand axe (venom)
rCold   . . .      Faith    +   h - +0 tower shield
rNeg    . . .      Spirit   .   C - +0 plate armour
rPois   .          Reflect  .   (no helmet)
rElec   .          Harm     .   (no cloak)
rCorr   +          Rampage  .   (no gloves)
Will    .....                   (no boots)
Stlth   ..........              Q - amulet of faith
HPRegen 0.23/turn               l - ring of resist corrosion
MPRegen 0.12/turn               G - +4 ring of slaying

@: studying Bows
A: no striking features
a: Renounce Religion, Convert to Beogh


You were on level 9 of the Dungeon.
You worshipped Qazlal.
Qazlal was noncommittal.
You visited 2 branches of the dungeon, and saw 10 of its levels.
You also visited: Sewer.

You collected 497 gold pieces.
You spent 440 gold pieces at shops.

Inventory:

Hand Weapons
 a - a +0 war axe
 D - a +0 hand axe of electrocution
 F - a +1 hand axe of venom (weapon)
Missiles
 f - 3 throwing nets
 y - 8 boomerangs (quivered)
 I - 6 javelins
Armour
 b - a +0 scale mail
 c - a +0 buckler
 h - a +0 tower shield (worn)
 j - a +0 kite shield
 v - a +0 pair of boots
 C - a +0 plate armour (worn)
 H - a +0 robe of fire resistance
 K - +0 steam dragon scales
Magical Staves
 B - a staff of cold
Jewellery
 l - a ring of resist corrosion (left hand)
 t - a +6 ring of dexterity
 G - a +4 ring of slaying (right hand)
 L - a ring of willpower
 Q - an amulet of faith (around neck)
Wands
 E - a wand of digging (7)
 N - a wand of charming (18)
Scrolls
 i - a scroll of fear
 k - 2 scrolls of immolation {unknown}
 n - 2 scrolls of summoning
 s - 2 scrolls of noise {unknown}
 u - 4 scrolls of amnesia
 w - a scroll of teleportation {unknown}
 z - a scroll of blinking
 M - a scroll of enchant weapon {unknown}
 O - a scroll of acquirement {unknown}
 P - a scroll of enchant armour {unknown}
Potions
 d - 2 potions of might
 e - 2 potions of heal wounds {unknown}
 g - 5 potions of curing
 m - a potion of lignification
 o - a potion of mutation
 p - 2 potions of berserk rage {unknown}
 q - 2 potions of flight {unknown}
 r - 2 potions of attraction
 A - 2 potions of brilliance {unknown}
 J - 2 potions of haste {unknown}
Miscellaneous
 x - a phantom mirror


   Skills:
 - Level 3.6 Fighting
 - Level 13.6(14.1) Axes
 + Level 5.1(9.0) Maces & Flails
 + Level 10.2 Armour
 + Level 10.2 Shields


You had 10 spell levels left.
You didn't know any spells.
Your spell library contained the following spells:

 Spells                   Type           Power      Damage    Failure   Level
 Magic Dart               Conj           0%         1d3       100%        1
 Searing Ray              Conj           0%         2d4       100%        2
 Fulminant Prism          Conj/Hex       0%         3d6       100%        4
 Iskenderun's Mystic Bla  Conj/Tloc      0%         2d3       100%        4
 Blade Hands              Tmut           0%         N/A       100%        5
 Irradiate                Conj/Tmut      0%         3d13      100%        5
 Lee's Rapid Deconstruct  Erth           0%         3d5*      100%        5
 Dragon Form              Tmut           0%         N/A       100%        7


Dungeon Overview and Level Annotations

Branches:
Dungeon (9/15)             Temple (1/1) D:7           Sewer (visited)
   Lair: D:8-11         Orc: D:9-12

Altars:
Dithmenos
Elyvilon
Makhleb
Qazlal
Sif Muna
Trog
Yredelemnul
Zin
The Shining One

Shops:
D:3 =


Message History

Qazlal accepts your kill.
You start resting.
An orc warrior comes into view. It is wielding a +0 halberd.
You see here a wyvern corpse.
The orc warrior hits you from afar with a +0 halberd.
The orc warrior hits you with a +0 halberd!
You hit the orc warrior.
The orc warrior is poisoned.
The orc warrior is lightly wounded.
The orc warrior hits you with a +0 halberd!
* * * LOW HITPOINT WARNING * * *
You closely miss the orc warrior.
The orc warrior is lightly wounded.
The orc warrior hits you but does no damage.
You closely miss the orc warrior.
The orc warrior is lightly wounded.
The orc warrior hits you with a +0 halberd!
* * * LOW HITPOINT WARNING * * *
You barely miss the orc warrior.
The orc warrior is moderately wounded.
You block the orc warrior's attack.
You see here a wyvern corpse.
Found a stone staircase leading down.
You block the orc warrior's attack.
An orc priest comes into view. It is wielding a +0 short sword.
The orc priest moves out of view.
An orc priest and an orc wizard come into view.
The orc priest is wielding a +1 vorpal mace.
The orc priest shouts, "Join the one true god or die!"
The orc priest shouts!
The orc priest calls down the wrath of Beogh upon you.
You struggle to resist.
The orc warrior hits you but does no damage.
The orc priest calls upon Beogh to heal the orc warrior.
The orc warrior is healed somewhat.
The orc warrior looks more healthy.
The orc priest calls upon Beogh to heal the orc warrior.
The orc warrior is healed somewhat.
The orc priest mumbles some strange prayers to Beogh against you.
Beogh smites you!
You die...

...... #....####
#.......# ####....##.#
..##..o.##.#
#.#####.##.#
#.......##.#
..........o#############
#.........oo.o..@.......
#..#####################
#.†# #..# #).# #..# #..#
#..# #..#########


You could see an orc warrior, 2 orc priests and an orc wizard.

Vanquished Creatures
  Harold (D:7)
  Pikel (D:6)
  An ugly thing (D:9)
  2 centaur zombies
  A hornet (D:8)
  2 wyverns
  4 steam dragons
  A yak (D:8)
  An acid dragon (D:9)
  2 water moccasins (D:6)
  4 black bears
  An orc warrior (D:9)
  3 ice beasts
  3 ogres
  4 centaurs
  A wolf (D:8)
  A phantom (D:6)
  4 bullfrogs
  8 scorpions
  A water moccasin zombie (D:6)
  9 killer bees (D:8)
  4 electric eels (D:8)
  2 bullfrog zombies
  4 jellies
  3 hounds
  A wyvern simulacrum (D:8)
  4 centaur skeletons
  2 orc priests
  Jessica (D:3)
  3 bullfrog skeletons
  Natasha (thrice) (D:3)
  6 orc wizards
  10 gnolls
  21 adders
  A howler monkey skeleton (D:6)
  A shadow imp (D:6)
  3 white imps
  3 worms
  15 dart slugs
  37 orcs
  6 bats
  11 endoplasms
  12 giant cockroaches
  7 goblins
  13 hobgoblins
  10 jackals
  12 quokkas
  18 ball pythons
  11 frilled lizards
  7 kobolds
  6 rats
  A spectral kobold (D:2)
293 creatures vanquished.

Notes
Turn   | Place    | Note
-------+----------+-------------------------------------------
     0 | D:1      | mcbry74 the Hill Orc Fighter began the quest for the Orb.
     0 | D:1      | Reached XP level 1. HP: 19/19 MP: 1/1
   160 | D:1      | Reached skill level 3 in Axes
   174 | D:1      | Reached XP level 2. HP: 26/26 MP: 2/2
   518 | D:1      | Reached XP level 3. HP: 30/31 MP: 3/3
   643 | D:1      | Reached skill level 4 in Axes
  1112 | D:2      | Reached XP level 4. HP: 24/39 MP: 4/4
  1230 | D:2      | Found a shadowy altar of Dithmenos.
  1713 | D:2      | Reached skill level 5 in Axes
  1760 | D:2      | Reached XP level 5. HP: 43/45 MP: 5/5
  2155 | D:2      | Found a faded altar of an unknown god.
  2626 | D:3      | Noticed Natasha
  2646 | D:3      | Killed Natasha
  2647 | D:3      | Reached skill level 6 in Axes
  2647 | D:3      | Reached XP level 6. HP: 33/51 MP: 6/6
  2857 | D:3      | Noticed Natasha
  2877 | D:3      | Killed Natasha
  2881 | D:3      | Noticed Natasha
  2893 | D:3      | Killed Natasha
  2901 | D:3      | Found Fyti Onk's Jewellery Shoppe.
  3069 | D:3      | Noticed Jessica
  3096 | D:3      | Killed Jessica
  3810 | D:4      | Found a glowing drain.
  3824 | Sewer    | Entered a sewer
  3893 | Sewer    | Reached skill level 5 in Armour
  3912 | Sewer    | Reached skill level 7 in Axes
  3939 | Sewer    | Reached skill level 5 in Shields
  4013 | Sewer    | Reached XP level 7. HP: 57/57 MP: 7/7
  4608 | D:4      | Reached skill level 8 in Axes
  5584 | D:5      | Entered Level 5 of the Dungeon
  5594 | D:5      | Reached XP level 8. HP: 36/64 MP: 8/8
  5909 | D:5      | Reached skill level 9 in Axes
  6381 | D:5      | Reached skill level 10 in Axes
  6580 | D:5      | Reached XP level 9. HP: 69/70 MP: 9/9
  6904 | D:6      | Reached skill level 11 in Axes
  7002 | D:6      | Noticed Pikel
  7015 | D:6      | Killed Pikel
  7051 | D:6      | Reached skill level 12 in Axes
  7468 | D:6      | Identified the +0 robe "Ulifebb" {rElec Str+4}
  8035 | D:6      | Reached skill level 13 in Axes
  8035 | D:6      | Reached XP level 10. HP: 63/77 MP: 10/10
  9140 | D:7      | Found a staircase to the Ecumenical Temple.
  9150 | Temple   | Entered the Ecumenical Temple
  9220 | Temple   | Became a worshipper of Qazlal Stormbringer
  9387 | D:7      | Noticed Harold
  9416 | D:7      | Killed Harold
 12078 | D:8      | Reached XP level 11. HP: 31/82 MP: 11/11
 13503 | D:9      | Noticed a white ugly thing
 13533 | D:9      | Killed a white ugly thing
 13534 | D:9      | Reached skill level 10 in Armour
 13534 | D:9      | Reached skill level 10 in Shields
 13640 | D:3      | Bought an amulet of faith for 440 gold pieces
 13856 | D:9      | Reached skill level 5 in Maces & Flails
 13982 | D:9      | Killed from afar by an orc priest

Illustrated notes

Levels and vault maps discovered:
D:1:      onia_arrival_mini_spirals, layout_loops_ring
D:2:      layout_loops_cross, dreamdust_ecumenical_altar_drowned_temple,
          basic_altar, minmay_snake_closets
D:3:      layout_basic, serial_shops, nicolae_shop_waterfront, uniq_natasha,
          uniq_jessica
D:4:      kennysheep_slugbush, layout_loops_corners, portal_sewer_entry_f,
          minmay_manual_macuahuitl
D:5:      layout_rooms
D:6:      layout_basic, minmay_alternating_orb, uniq_pikel
D:7:      layout_loops_ring, minmay_temple_entry_wispy, grunt_ministairs_13,
          kennysheep_path_1, uniq_harold
D:8:      layout_loops_ring, serial_ice, serial_ice_a, serial_ice_o,
          serial_ice_j, serial_ice_m, grunt_decor_mini_mirrors,
          minmay_tree_intersection
D:9:      cheibrodos_ideogram_h, layout_basic, patterned_corridor
Temple:   mainiacjoe_temple_hex_bubbles

Skill      XL: |  1  2  3  4  5  6  7  8  9 10 11 |
---------------+----------------------------------+-----
Axes           | 3 4 5 6 7 8 10 13 | 13.6
Shields        | 4 5 6 8 9 10 | 10.2
Armour         | 4 5 6 8 9 10 | 10.2
Maces & Flails | 4 5 |  5.1
Fighting       | |  3.6

Action                   |  1- 3 |  4- 6 |  7- 9 | 10-12 || total
-------------------------+-------+-------+-------+-------++-------
Melee: War axe           |    73 |   273 |   163 |       ||   509
       Hand axe          |       |       |   162 |   253 ||   415
Throw: Boomerang         |       |       |     2 |     9 ||    11
  Use: Scroll            |       |     3 |       |     3 ||     6
       Potion            |       |       |     1 |     2 ||     3
Armor: Scale mail        |    39 |    88 |   105 |       ||   232
       Plate armour      |       |       |    19 |   105 ||   124
       Steam dragon scal |       |       |       |     6 ||     6
Dodge: Dodged            |    27 |    60 |    43 |    41 ||   171
Block: Buckler           |     8 |       |       |     6 ||    14
       Tower shield      |    20 |   220 |   255 |   152 ||   647
